 Dungeon Crawl Stone Soup version 0.23.2-1-ga50397a6bc (webtiles) character file.

Game seed: 6206812074023751184

188 KleinerIrrer the Cudgeler (level 5, -2/41 HPs)
             Began as a Mummy Fighter on Apr 28, 2019.
             Slain by Duvessa
             ... wielding a +6 short sword of electrocution
              (17 damage)
             ... on level 5 of the Dungeon.
             The game lasted 00:05:08 (2501 turns).

KleinerIrrer the Cudgeler (Mummy Fighter)           Turns: 2501, Time: 00:05:09

Health: -2/41      AC: 12    Str: 20    XL:     5   Next: 39%
Magic:  5/5        EV:  3    Int:  8    God:
Gold:   109        SH:  9    Dex: 11    Spells: 4/4 levels left

rFire    x . .     SeeInvis .   a - +0 flail
rCold    + . .     Gourm    .   c - +0 shield
rNeg     + + +     Faith    .   f - +0 plate armour
rPois    ∞         Spirit   .   (no helmet)
rElec    .         Reflect  .   (no cloak)
rCorr    .         Harm     .   i - +0 pair of gloves
MR       .....                  (no boots)
Stlth    ..........             (no amulet)
HPRegen  0.13/turn              (no ring)
MPRegen  0.09/turn              (no ring)

@: no status effects
A: no food or potions, fire vulnerability, cold resistance 1, negative energy
resistance 3, torment resistance, unbreathing
a: no special abilities


You were on level 5 of the Dungeon.
You were not hungry.

You visited 1 branch of the dungeon, and saw 5 of its levels.

You collected 109 gold pieces.

Inventory:

Hand Weapons
 a - a +0 flail (weapon)
Armour
 b - a +0 scale mail
 c - a +0 shield (worn)
 f - a +0 plate armour (worn)
 i - a +0 pair of gloves (worn)
Scrolls
 d - 3 scrolls of identify {unknown}
 e - 3 scrolls of enchant armour {unknown}
 g - a scroll of random uselessness {unknown}
 h - a scroll of enchant weapon {unknown}
 j - 2 scrolls of remove curse {unknown}


   Skills:
 - Level 3.2 Fighting
 + Level 3.7 Maces & Flails
 + Level 3.4 Armour
 - Level 2.6 Shields


You had 4 spell levels left.
You didn't know any spells.
Your spell library contained the following spells:

 Spells                   Type           Power        Failure   Level  Hunger
 Magic Dart               Conj           #...         100%        1    N/A
 Blink                    Tloc           N/A          100%        2    N/A
 Call Imp                 Summ           #.......     100%        2    N/A
 Slow                     Hex            #.......     100%        2    N/A
 Conjure Flame            Conj/Fire      #.......     100%        3    N/A
 Mephitic Cloud           Conj/Pois/Air  #.......     100%        3    N/A

Dungeon Overview and Level Annotations

Branches:
Dungeon (5/15)
 Temple: D:4-7

Altars:
Okawaru
Uskayaw

Annotations:
D:5 Dowan, Duvessa


Innate Abilities, Weirdness & Mutations

You do not eat or drink.
Your flesh is vulnerable to fire.
You are immune to poison.
Your flesh is cold resistant. (rC+)
You are immune to negative energy. (rN+++)
You are immune to unholy pain and torment.
You can survive without breathing.


Message History

You hear the slow hiss of a very distant avalanche of sand.
Found a scroll labeled RASAYKKIO.
Duvessa, Sister of Dowan comes into view.
She is wielding a +6 short sword of electrocution.
Duvessa shouts!
You hear a shout!
A crimson imp comes into view.
Duvessa is too close now for your liking.
Duvessa says, "When magic and the sword combine, nothing stands against them."
Dowan, Brother of Duvessa comes into view.
He is wielding a +0 dagger.
You thump Duvessa!
Duvessa is moderately wounded.
Duvessa hits you but does no damage.
You are electrocuted!
You barely miss Duvessa.
Duvessa is moderately wounded.
You block Duvessa's attack.
You hit Duvessa but do no damage.
Duvessa is moderately wounded.
Duvessa hits you but does no damage.
You are electrocuted!
Duvessa gestures with her weapon.
Duvessa hits you but does no damage.
You are electrocuted!
You die...

# ##....###.#
###.....## ##
.###.......e#
.........#..##
.....#..###..#
.##.....#
##e####
###...# #..#.#
##.## ##..e##
##.#####.##@#
. #..##.######
.. #....##
..####..##.#
....#...##.##
#......###..#
......####..#
#..........#
#.........##


You could see Duvessa and Dowan.

Vanquished Creatures
  A howler monkey (D:4)
  2 hounds
  4 adders
  A worm (D:2)
  A leopard gecko (D:2)
  An orc (D:4)
  9 bats
  4 giant cockroaches
  3 goblins
  3 hobgoblins
  5 jackals
  9 kobolds
  A quokka (D:2)
  2 frilled lizards
  6 rats
52 creatures vanquished.

Notes
Turn   | Place    | Note
-------+----------+-------------------------------------------
     0 | D:1      | KleinerIrrer the Mummy Fighter began the quest for the Orb.
     0 | D:1      | Reached XP level 1. HP: 18/18 MP: 1/1
   145 | D:1      | Reached XP level 2. HP: 24/24 MP: 2/2
   802 | D:2      | Reached XP level 3. HP: 29/29 MP: 3/3
   889 | D:2      | Found a faded altar of an unknown god.
  1484 | D:2      | Found a hide-covered altar of Uskayaw.
  1721 | D:3      | Reached XP level 4. HP: 35/35 MP: 4/4
  2217 | D:4      | Reached XP level 5. HP: 30/41 MP: 5/5
  2359 | D:4      | Found an iron altar of Okawaru.
  2428 | D:5      | Entered Level 5 of the Dungeon
  2479 | D:5      | Noticed Duvessa
  2498 | D:5      | Noticed Dowan
  2501 | D:5      | Slain by Duvessa

Skill      XL: |  1  2  3  4 |
---------------+-------------+-----
Maces & Flails | 2 3 |  3.7
Armour         | 3 |  3.4
Fighting       | |  3.2
Shields        | |  2.6

Action                   |  1- 3 |  4- 6 || total
-------------------------+-------+-------++-------
Melee: Flail             |   212 |    74 ||   286
Armor: Scale mail        |    28 |       ||    28
       Plate armour      |   184 |    69 ||   253
Dodge: Dodged            |    55 |    11 ||    66
Block: Shield            |   132 |    34 ||   166
